 Dungeon Crawl Stone Soup version 0.32-a0-685-g93135e86f0 (webtiles) character file.

Game seed: 309145786851271447

312 gimp the Trooper (level 6, -2/66 HPs)
             Began as an Oni Shapeshifter on Mar 12, 2024.
             Slain by a sleepcap (9 damage)
             ... on level 4 of the Dungeon.
             The game lasted 00:07:43 (2950 turns).

gimp the Trooper (Oni Shapeshifter)                 Turns: 2950, Time: 00:07:44

Health: -2/66      AC:  3    Str: 19      XL:     6   Next: 42%
Magic:  6/6        EV:  1    Int:  8      God:
Gold:   175        SH:  0    Dex: 12 (13) Spells: 5/5 levels left

rFire   . .          .
                       - Unarmed
rCold   . . .        (no shield)
rNeg    . . .        l - +0 robe of Gozag's Grace {Rampage rPois Int-3 Dex+3}
rPois   +            (helmet currently unavailable)
rElec   .            (cloak currently unavailable)
rCorr   .            (gloves unavailable)
SInv    .            (boots unavailable)
Will    +....        (no amulet)
Stlth   +            (no ring)
HPRegen 0.31/turn    (no ring)
MPRegen 0.10/turn

%: rampage
@: beast-form, sleeping, enlightened, flying
A: beast (slay +2), large, unfitting armour, horns 1, tough skin 1, double
potion healing, drunken brawling
a: Begin Untransformation


You were on level 4 of the Dungeon.
You were a hulking beast.
You visited 1 branch of the dungeon, and saw 4 of its levels.
You also visited: Sewer.

You collected 175 gold pieces.

Inventory:

Hand Weapons
 f - a +0 dagger
Missiles
 a - a curare-tipped dart (quivered)
Armour
 l - the +0 robe of Gozag's Grace (worn) {Rampage rPois Int-3 Dex+3}
   (You found it on level 2 of the Dungeon)

   Int-3:     It affects your intelligence (-3).
   Dex+3:     It affects your dexterity (+3).
   rPois:     It protects you from poison.
   Rampage:   It bestows one free step when moving towards enemies.
Talismans
 c - a beast talisman (active)
 d - a flux talisman
 t - a blade talisman
Wands
 v - a wand of polymorph (3)
Scrolls
 b - a scroll of fog {unknown}
 e - 3 scrolls of immolation {unknown}
 g - a scroll of revelation {unknown}
 h - a scroll of poison {unknown}
 i - a scroll of noise {unknown}
 j - 3 scrolls of teleportation {unknown}
 m - 2 scrolls of vulnerability {unknown}
 u - a scroll of butterflies {unknown}
Potions
 k - 4 potions of heal wounds {unknown}
 n - 3 potions of enlightenment
 o - 2 potions of haste
 p - 2 potions of mutation
 q - 2 potions of might
 r - a potion of magic
 s - 2 potions of resistance
 w - a potion of cancellation {unknown}


   Skills:
 + Level 5.0 Fighting
 - Level 1.7 Dodging
 + Level 4.2 Unarmed Combat
 + Level 4.4 Shapeshifting


You had 5 spell levels left.
You didn't know any spells.
Your spell library contained the following spells:

 Spells                   Type           Power      Damage    Failure   Level
 Malign Gateway           Summ/Tloc      0%         N/A       100%        7
 Summon Horrible Things   Summ           0%         N/A       100%        8


Dungeon Overview and Level Annotations

Branches:
Dungeon (4/15)              Sewer (visited)
 Temple: D:4-7

Altars:
Cheibriados
Fedhas
Ru


Innate Abilities, Weirdness & Mutations

You are a hulking beast.
Your limbs bulge with bestial killing power. (Slay +2)
You are too large for most types of armour.
You have a pair of small horns on your head.
You have tough skin. (AC +1)
You gain doubled healing and magic from potions.
Whenever you drink a healing potion, you attack all around you.


Message History

No target in view!
No target in view!
You enter the shallow water.
Done exploring.
Done exploring.
Done exploring.
Done exploring.
You see here a bat skeleton.
You see here a +0 dagger.
There is an empty arch of ancient stone here.
There is a gate leading back out of this place here.
Welcome back to the Dungeon!
There is a collapsed entrance here.
You enter the shallow water.
You see here a rat skeleton.
A sleepcap is nearby!
You rampage towards the sleepcap!
A ribbon worm comes into view.
Found a leather armour.
The ribbon worm moves out of view.
You rampage towards the sleepcap!
The sleepcap releases spores at you.
You take 1 damage, and have 65/66 hp.
You hit the sleepcap but do no damage. You punch the sleepcap.
The sleepcap is lightly damaged.
The sleepcap closely misses you.
Health restored: 66 You punch the sleepcap!
The sleepcap is heavily damaged.
The sleepcap completely misses you.
You punch the sleepcap!
The sleepcap is severely damaged.
The sleepcap releases spores at you.
You take 6 damage, and have 60/66 hp.
You hit the sleepcap.
The sleepcap is almost destroyed.
The sleepcap releases spores at you.
You are engulfed in a cloud of soporific spores!
You fall asleep.
The sleepcap releases spores at you!
You wake up.
You are engulfed in a cloud of soporific spores!
You are unaffected.
You take 16 damage, and have 44/66 hp.
MASSIVE DAMAGE!!
Unknown command.
You hit the sleepcap.
The sleepcap is almost destroyed.
The ribbon worm expels a string of sticky webbing.
The stream of webbing hits you but does no damage.
You are caught in a web!
The sleepcap releases spores at you.
You take 1 damage, and have 43/66 hp.
You are caught in a web!
You are caught in a web!
You are caught in a web!
The web tears apart.
The ribbon worm expels a string of sticky webbing.
The stream of webbing hits you but does no damage.
You are caught in a web!
The sleepcap releases spores at you!
You take 8 damage, and have 35/66 hp.
You struggle to detach yourself from the web.
The ribbon worm expels a string of sticky webbing.
The stream of webbing hits you but does no damage.
You are even more entangled.
The sleepcap releases spores at you.
You take 5 damage, and have 30/66 hp.
You struggle to detach yourself from the web.
The sleepcap releases spores at you.
You take 5 damage, and have 25/66 hp.
You struggle to detach yourself from the web.
The sleepcap releases spores at you but does no damage.
You struggle to detach yourself from the web.
The sleepcap releases spores at you.
You are engulfed in a cloud of soporific spores!
You fall asleep.
The sleepcap releases spores at you!
You wake up.
* * * LOW HITPOINT WARNING * * *
You take 10 damage, and have 15/66 hp.
The web tears apart.
The ribbon worm bites you but does no damage.
The sleepcap barely misses you.
The ribbon worm expels a string of sticky webbing.
The stream of webbing hits you but does no damage.
You are caught in a web!
The sleepcap attacks as it pursues you! The sleepcap barely misses you.
There is a web here.
The web tears apart.
The sleepcap closely misses you. The sleepcap attacks as it pursues you!
The sleepcap barely misses you. The sleepcap attacks as it pursues you!
The sleepcap releases spores at you.
* * * LOW HITPOINT WARNING * * *
You are engulfed in a cloud of soporific spores!
You fall asleep.
You wake up.
You take 5 damage, and have 12/66 hp.
Unknown command.
The sleepcap closely misses you. The sleepcap attacks as it pursues you!
The sleepcap misses you.
It was a potion of enlightenment.
You feel very buoyant.
You fly up into the air.
The sleepcap releases spores at you!
* * * LOW HITPOINT WARNING * * *
You are engulfed in a cloud of soporific spores!
You fall asleep.
The sleepcap releases spores at you!
You die...

....$...........................
................................
...<............................
..[.............................
.....#................<.........
.............#..................
.....#####...##...........####.
....# #...w##............ .#
#....fh...>.....>....
#.#...................
.......................
.........................
......#..........
###...#####...... ##.# #..... #.
.....


You could see a sleepcap and a ribbon worm.

Vanquished Creatures
  A kobold brigand (Sewer)
  2 quasits (Sewer)
  3 adders
  3 shadow imps (Sewer)
  3 ufetubi (Sewer)
  2 dart slugs
  5 ribbon worms
  2 orcs (D:3)
  13 bats
  3 endoplasms
  4 giant cockroaches
  4 goblins
  2 hobgoblins
  10 jackals (D:3)
  19 kobolds
  4 quokkas
  9 ball pythons
  9 frilled lizards
  2 kobold zombies (Sewer)
  3 rats
103 creatures vanquished.

Vanquished Creatures (others)
  An endoplasm (Sewer)
  A kobold zombie (Sewer)
2 creatures vanquished.

Grand Total: 105 creatures vanquished

Notes
Turn   | Place    | Note
-------+----------+-------------------------------------------
     0 | D:1      | gimp the Oni Shapeshifter began the quest for the Orb.
     0 | D:1      | Reached XP level 1. HP: 19/19 MP: 1/1
    45 | D:1      | Reached XP level 2. HP: 28/28 MP: 2/2
    86 | D:1      | Reached skill level 2 in Fighting
   478 | D:2      | Identified the +0 robe of Gozag's Grace {Rampage rPois
                  | Int-3 Dex+3}
   527 | D:2      | Reached XP level 3. HP: 29/36 MP: 3/3
   934 | D:2      | Reached skill level 3 in Fighting
  1097 | D:2      | Reached XP level 4. HP: 45/45 MP: 4/4
  1446 | D:3      | Found a snail-covered altar of Cheibriados.
  1736 | D:3      | Found a sacrificial altar of Ru.
  1755 | D:3      | Found a blossoming altar of Fedhas.
  2263 | D:4      | Reached XP level 5. HP: 45/54 MP: 5/5
  2284 | D:4      | Found a glowing drain.
  2304 | Sewer    | Entered a sewer
  2393 | Sewer    | Reached skill level 4 in Fighting
  2499 | Sewer    | Found a burning altar of Makhleb.
  2503 | Sewer    | Noticed a kobold brigand
  2526 | Sewer    | Killed a kobold brigand
  2527 | Sewer    | Reached XP level 6. HP: 63/63 MP: 6/6
  2683 | Sewer    | Reached skill level 5 in Fighting
  2950 | D:4      | Slain by a sleepcap

Illustrated notes

Levels and vault maps discovered:
D:1:      dpeg_arrival_tiny_d, layout_rooms
D:2:      minmay_spotlight, layout_basic
D:3:      wander_river, layout_basic, overflow_temple_1_default,
          nicolae_ru_great_annihilating_truth, mainiacjoe_overflow_alcove_1,
          minmay_lizard_king
D:4:      layout_rooms, grunt_temple_overflow_cloverleaf,
          gup_sewer_entry_bubbles, hangedman_abyss_or_decor_lesser_grid,
          uniq_pikel

Skill      XL: |  1  2  3  4  5  6 |
---------------+-------------------+-----
Fighting       | 2 3 4 5 |  5.0
Unarmed Combat | 3 4 |  4.2
Shapeshifting  | 4 |  4.4
Dodging        | |  1.7

Action                     |  1- 3 |  4- 6 || total
---------------------------+-------+-------++-------
  Melee: Unarmed           |    96 |   187 ||   283
         Headbutt          |    10 |    28 ||    38
         Punch             |     2 |     6 ||     8
    Use: Scroll            |       |     5 ||     5
         Potion            |       |     2 ||     2
   Stab: Sleeping          |     2 |     3 ||     5
         Paralysed         |       |     1 ||     1
 Armour: Animal skin       |    22 |       ||    22
         Robe              |    19 |   149 ||   168
         Skin              |       |    34 ||    34
  Dodge: Dodged            |    45 |   113 ||   158

Table legend: (Time is in decaauts)
 A = Elapsed time spent in this place.
 B = Non-inter-level travel time spent in this place.
 C = Inter-level travel time spent in this place.
 D = Time resting spent in this place.
 E = Time spent auto-exploring this place.
 F = Levels seen in this place.
 G = Mean time per level.
                   A        B        C        D        E       F      G
               +--------+--------+--------+--------+--------+-----+--------+
         Total |   2931 |   2823 |    108 |     60 |   1973 |   5 |  586.2 |
       Dungeon |   2352 |   2244 |    108 |     45 |   1631 |   4 |  588.0 |
         Sewer |    578 |    578 |      0 |     15 |    342 |   1 |  578.0 |
               +--------+--------+--------+--------+--------+-----+--------+

Top non-repeatable levels by time:
     D:2: 897 daAuts
     D:3: 834 daAuts
   Sewer: 578 daAuts
     D:1: 440 daAuts
     D:4: 180 daAuts
